 Dungeon Crawl Stone Soup version 0.20-a0-864-g92acfd1 (webtiles) character file.

109 polly the Ruffian (level 4, -1/34 HPs)
             Began as a Demonspawn Gladiator on Mar 12, 2017.
             Slain by a worm (8 damage)
             ... on level 3 of the Dungeon.
             The game lasted 00:02:19 (2746 turns).

polly the Ruffian (Demonspawn Gladiator)            Turns: 2746, Time: 00:02:19

Health: -1/34      AC:  4    Str: 19    XL:     4   Next: 60%
Magic:  4/4        EV: 13    Int:  9    God:
Gold:   72         SH:  4    Dex: 14    Spells: 3/3 levels left

rFire    . . .     SeeInvis .     - Unarmed
rCold    . . .     Gourm    .   a - +0 leather armour
rNeg     . . .     Faith    .   (no shield)
rPois    .         Spirit   .   b - +0 helmet
rElec    .         Reflect  +   (no cloak)
rCorr    .         Harm     .   (no gloves)
MR       .....                  (no boots)
Stlth    +.........             n - +4 amulet of reflection
Regen    0.2/turn               (no ring)
MPRegen  0.1/turn               k - +3 ring of strength

@: no status effects
A: talons 1
a: no special abilities


You were on level 3 of the Dungeon.
You were hungry.

You visited 1 branch of the dungeon, and saw 3 of its levels.

You collected 72 gold pieces.

Inventory:

Missiles
 c - 3 throwing nets (quivered)
Armour
 a - a +0 leather armour (worn)
 b - a +0 helmet (worn)
Jewellery
 k - a +3 ring of strength (left hand)
 n - a +4 amulet of reflection (around neck)
Scrolls
 f - 6 scrolls of identify {unknown}
 g - 2 scrolls of teleportation {unknown}
 m - 3 scrolls of enchant armour {unknown}
Potions
 e - 2 potions of haste {unknown}
 h - a potion of invisibility
 i - a potion of heal wounds {unknown}
 l - a potion of resistance {unknown}
 o - a potion of ambrosia {unknown}
Comestibles
 d - a bread ration
 j - 3 meat rations


   Skills:
 + Level 2.6 Fighting
 + Level 2.0 Throwing
 + Level 1.4 Armour
 + Level 3.2 Dodging
 + Level 0.6 Stealth
 + Level 3.6 Unarmed Combat


You had 3 spell levels left.
You didn't know any spells.

Dungeon Overview and Level Annotations

Branches:
Dungeon (3/15)

Altars:


Innate Abilities, Weirdness & Mutations

You have sharp toenails.


Message History

You are too injured to fight recklessly!
You are too injured to fight recklessly!
You are too injured to fight recklessly!
You are too injured to fight recklessly!
You are too injured to fight recklessly!
You are too injured to fight recklessly!
You are too injured to fight recklessly!
You barely miss the worm.
The worm is heavily wounded.
The worm bites you.
* * * LOW HITPOINT WARNING * * *
You hit the worm but do no damage.
The worm is heavily wounded.
You hit the worm. You claw the worm, but do no damage.
The worm is severely wounded.
You block the worm's attack.
You hit the worm.
The worm is severely wounded.
The worm bites you!
You die...

#...##......#........#....
######...............#....
#.#...#..............
#.###(............... #.#
#..#............< #.#
##.>............. #.#
#.#....)........
#.####.###..#........
#...@....##........(.
###†w!...###.........
#......# ..........
##.>...# #.[...# #.....#
#.....# #.....#


You could see a worm.

Vanquished Creatures
  2 adders (D:2)
  A gnoll (D:1)
  An ooze (D:1)
  2 worms
  4 dart slugs
  A leopard gecko (D:3)
  3 orcs (D:3)
  7 bats
  A giant cockroach (D:3)
  4 goblins
  9 hobgoblins
  3 jackals (D:3)
  6 kobolds
  2 quokkas
  2 ball pythons
  3 frilled lizards
  6 rats
57 creatures vanquished.

Vanquished Creatures (others)
  A goblin (D:2)
1 creature vanquished.

Grand Total: 58 creatures vanquished

Notes
Turn   | Place    | Note
-------+----------+-------------------------------------------
     0 | D:1      | polly the Demonspawn Gladiator began the quest for the Orb.
     0 | D:1      | Reached XP level 1. HP: 16/16 MP: 1/1
    10 | D:1      | You fall through a shaft!
   311 | D:1      | Gained mutation: You have sharp toenails. [demonic ancestry]
   311 | D:1      | Reached XP level 2. HP: 7/22 MP: 2/2
   982 | D:1      | Reached XP level 3. HP: 28/28 MP: 3/3
  1311 | D:2      | Reached skill level 1 in Armour
  1311 | D:2      | Reached XP level 4. HP: 16/34 MP: 4/4
  2746 | D:3      | Slain by a worm

Vault maps used:
D:1:      minmay_arrival_cross, minmay_misc_feat_pillars
D:2:      due_unseen_surprise

Skill      XL: |  1  2  3 |
---------------+----------+-----
Throwing       | 2 |  2.0
Unarmed Combat | 3 |  3.6
Dodging        | 3 |  3.2
Armour         | 1 |  1.4
Fighting       | |  2.6
Stealth        | |  0.6

Action                   |  1- 3 |  4- 6 || total
-------------------------+-------+-------++-------
Melee: Unarmed           |   117 |   118 ||   235
       Kick              |    28 |    40 ||    68
       Punch             |     1 |     1 ||     2
Throw: Throwing net      |     3 |       ||     3
  Use: Potion            |     1 |       ||     1
 Stab: Sleeping          |     1 |       ||     1
  Eat: Chunk             |     1 |     4 ||     5
Armor: Leather armour    |    24 |    25 ||    49
Dodge: Dodged            |    84 |    84 ||   168
Block: Other             |     7 |    18 ||    25
       Reflection        |       |     3 ||     3
